| TOP OF THE 1ST |
|
New York Yankees batting - Pitching for Minnesota Twins : RHP Hideo Nomo
|
|
Pitching: RHP Hideo Nomo
|
|
|
Batting: RHB Orlando Cabrera
|
0-0: Called Strike 0-1: Ball 1-1: Swinging Strike 1-2: Ball 2-2: Ground out 6-3 (Groundball, 6, EV 87.5 MPH)
|
|
Batting: LHB Bobby Abreu
|
0-0: Called Strike 0-1: Foul Ball, location: 2F 0-2: Strikes out swinging
|
|
Batting: RHB Mike Lieberthal
|
0-0: Swinging Strike 0-1: Foul Ball, location: 2F 0-2: Ground out 6-3 (Groundball, 56, EV 103.1 MPH)
|
| Top of the 1st over - 0 runs, 0 hits, 0 errors, 0 left on base; New York 0 - Minnesota 0 |
| BOTTOM OF THE 1ST |
|
Minnesota Twins batting - Pitching for New York Yankees : RHP Mark Clark
|
|
Pitching: RHP Mark Clark
|
|
|
Batting: LHB Darin Erstad
|
0-0: Ball 1-0: SINGLE (Groundball, 4MD, EV 101.3 MPH)
|
|
Batting: LHB Kal Daniels
|
0-0: Called Strike 0-1: Ball 1-1: Foul Ball, location: 2F 1-2: Fly out, F8 (Flyball, 8RM, EV 83.8 MPH)
|
|
Batting: RHB Frank Thomas
|
0-0: Called Strike 0-1: Called Strike 0-2: Ball Darin Erstad steals 2nd base 1-2: Foul Ball, location: 2F 1-2: Strikes out swinging
|
|
Batting: LHB Larry Walker
|
0-0: Ball Wild Pitch! Darin Erstad to third 1-0: DOUBLE (Line Drive, 7LD, EV 98.8 MPH) Darin Erstad scores
|
|
Batting: RHB Koji Akiyama
|
0-0: Called Strike 0-1: Swinging Strike 0-2: Strikes out swinging
|
| Bottom of the 1st over - 1 run, 2 hits, 0 errors, 1 left on base; New York 0 - Minnesota 1 |
| TOP OF THE 2ND |
|
New York Yankees batting - Pitching for Minnesota Twins : RHP Hideo Nomo
|
|
Batting: RHB Kazuhiro Kiyohara
|
0-0: Called Strike 0-1: Foul Ball, location: 2F 0-2: Ball 1-2: Foul Ball, location: 2F 1-2: Hit by Pitch
|
|
Batting: RHB Travis Fryman
|
0-0: Called Strike 0-1: Foul Ball, location: 2F 0-2: Ball 1-2: Ball 2-2: Strikes out swinging
|
|
Batting: RHB Phil B. Clark
|
0-0: Foul Ball, location: 2F 0-1: Grounds into double play, 5-4-3 (Groundball, 56S, EV 86.3 MPH)
|
| Top of the 2nd over - 0 runs, 0 hits, 0 errors, 0 left on base; New York 0 - Minnesota 1 |
| BOTTOM OF THE 2ND |
|
Minnesota Twins batting - Pitching for New York Yankees : RHP Mark Clark
|
|
Batting: RHB Brook Fordyce
|
0-0: Ball 1-0: Fly out, F9 (Flyball, 9D, EV 101.9 MPH)
|
|
Batting: SHB Brent Gates
|
0-0: Swinging Strike 0-1: Ball 1-1: Ball 2-1: Swinging Strike 2-2: SINGLE (Line Drive, 89S, EV 106.3 MPH)
|
|
Batting: RHB Mark Grudzielanek
|
0-0: Called Strike 0-1: Called Strike 0-2: Ball 1-2: Ball 2-2: Grounds into double play, 6-4-3 (Groundball, 6, EV 85.0 MPH)
|
| Bottom of the 2nd over - 0 runs, 1 hit, 0 errors, 0 left on base; New York 0 - Minnesota 1 |
| TOP OF THE 3RD |
|
New York Yankees batting - Pitching for Minnesota Twins : RHP Hideo Nomo
|
|
Batting: RHB Mike Gallego
|
0-0: Ball 1-0: Ground out 4-3 (Groundball, 4, EV 86.9 MPH)
|
|
Batting: SHB Quinton McCracken
|
0-0: Swinging Strike 0-1: Swinging Strike 0-2: Strikes out swinging
|
|
Batting: RHB Darren Lewis
|
0-0: Called Strike 0-1: Ball 1-1: SINGLE (Groundball, 34, EV 85.6 MPH) (infield hit)
|
|
Batting: RHB Orlando Cabrera
|
0-0: Ball 1-0: Called Strike 1-1: Ball Darren Lewis steals 2nd base 2-1: Foul Ball, location: 2F 2-2: Ball 3-2: Foul Ball, location: 2F 3-2: SINGLE (Line Drive, 9LS, EV 106.3 MPH) Darren Lewis to third Darren Lewis scores
|
|
Batting: LHB Bobby Abreu
|
0-0: Foul Ball, location: 2F 0-1: Ball 1-1: Foul Ball, location: 2F 1-2: Ball 2-2: Ball 3-2: Ground out 3-1 (Groundball, 34S, EV 84.4 MPH)
|
| Top of the 3rd over - 1 run, 2 hits, 0 errors, 1 left on base; New York 1 - Minnesota 1 |
| BOTTOM OF THE 3RD |
|
Minnesota Twins batting - Pitching for New York Yankees : RHP Mark Clark
|
|
Batting: RHB Rey Ordonez
|
0-0: Fly out, F7 (Flyball, 7S, EV 85.6 MPH)
|
|
Batting: LHB Darin Erstad
|
0-0: Ball 1-0: DOUBLE (Line Drive, 9D, EV 105.6 MPH)
|
|
Batting: LHB Kal Daniels
|
0-0: Ball 1-0: Ground out U3 (Groundball, 34, EV 81.9 MPH) Darin Erstad to third
|
|
Batting: RHB Frank Thomas
|
0-0: Foul Ball, location: 2F 0-1: Ball 1-1: Ball 2-1: Ball 3-1: Ground out 6-3 (Groundball, 6, EV 95.6 MPH)
|
| Bottom of the 3rd over - 0 runs, 1 hit, 0 errors, 1 left on base; New York 1 - Minnesota 1 |
| TOP OF THE 4TH |
|
New York Yankees batting - Pitching for Minnesota Twins : RHP Hideo Nomo
|
|
Batting: RHB Mike Lieberthal
|
0-0: Ball 1-0: Ball 2-0: SINGLE (Groundball, 56D, EV 108.1 MPH)
|
|
Batting: RHB Kazuhiro Kiyohara
|
0-0: Ball 1-0: Sac Bunt to 2R - play at first, batter OUT! 2-4 Mike Lieberthal to second
|
|
Batting: RHB Travis Fryman
|
0-0: Foul Ball, location: 2F 0-1: Ball 1-1: Foul Ball, location: 2F 1-2: Ball 2-2: Strikes out swinging
|
|
Batting: RHB Phil B. Clark
|
0-0: Called Strike 0-1: Swinging Strike 0-2: Strikes out swinging
|
| Top of the 4th over - 0 runs, 1 hit, 0 errors, 1 left on base; New York 1 - Minnesota 1 |
| BOTTOM OF THE 4TH |
|
Minnesota Twins batting - Pitching for New York Yankees : RHP Mark Clark
|
|
Batting: LHB Larry Walker
|
0-0: Ground out U3 (Groundball, 3, EV 83.8 MPH)
|
|
Batting: RHB Koji Akiyama
|
0-0: Swinging Strike 0-1: SINGLE (Groundball, 56D, EV 98.8 MPH)
|
|
Batting: RHB Brook Fordyce
|
0-0: Ball 1-0: Foul Ball, location: 2F 1-1: Ball 2-1: Swinging Strike 2-2: Ball 3-2: Strikes out swinging
|
|
Batting: SHB Brent Gates
|
0-0: Called Strike Koji Akiyama steals 2nd base 0-1: Ball 1-1: Ground out 4-3 (Groundball, 4, EV 93.1 MPH)
|
| Bottom of the 4th over - 0 runs, 1 hit, 0 errors, 1 left on base; New York 1 - Minnesota 1 |
| TOP OF THE 5TH |
|
New York Yankees batting - Pitching for Minnesota Twins : RHP Hideo Nomo
|
|
Batting: RHB Mike Gallego
|
0-0: Ball 1-0: Ball 2-0: Swinging Strike 2-1: Foul Ball, location: 2F 2-2: Ball 3-2: SINGLE (Groundball, 56D, EV 105.0 MPH)
|
|
Batting: SHB Quinton McCracken
|
0-0: Bunt missed! 0-1: Bunt missed! 0-2: Ball 1-2: Foul Ball, location: 2F 1-2: DOUBLE (Line Drive, 78M, EV 109.4 MPH) Mike Gallego to third Runner from 3rd tries for Home, SAFE, throw by LF to trailing runner, SAFE at third!
|
|
Batting: RHB Darren Lewis
|
Squeeze bunt is on, Quinton McCracken is out 0-1: Ball 1-1: Foul Ball, location: 2F 1-2: Strikes out looking
|
|
Batting: RHB Orlando Cabrera
|
0-0: Ball 1-0: Foul Ball, location: 2F 1-1: Called Strike 1-2: Ball 2-2: Ground out 1-3 (Groundball, P, EV 81.9 MPH)
|
| Top of the 5th over - 1 run, 2 hits, 0 errors, 0 left on base; New York 2 - Minnesota 1 |
| BOTTOM OF THE 5TH |
|
Minnesota Twins batting - Pitching for New York Yankees : RHP Mark Clark
|
|
Batting: RHB Mark Grudzielanek
|
0-0: Ball 1-0: Called Strike 1-1: SINGLE (Groundball, 6MD, EV 96.9 MPH)
|
|
Batting: RHB Rey Ordonez
|
0-0: Ball 1-0: Bunted foul 1-1: Ball 2-1: Bunted foul 2-2: Strikes out swinging
|
|
Batting: LHB Darin Erstad
|
0-0: Ball 1-0: Ball 2-0: Called Strike 2-1: Ball 3-1: Base on Balls Mark Grudzielanek to second
|
|
Batting: LHB Kal Daniels
|
0-0: Ball Mark Grudzielanek steals 3rd base 1-0: Called Strike Darin Erstad steals 2nd base 1-1: Foul Ball, location: 2F 1-2: Ball 2-2: Ball 3-2: Fly out, F2 (Popup, 2R, EV 98.1 MPH)
|
|
Batting: RHB Frank Thomas
|
0-0: Ball 1-0: Ball Wild Pitch! Mark Grudzielanek scores Darin Erstad to third 2-0: Called Strike 2-1: Foul Ball, location: 2F 2-2: Foul Ball, location: 2F 2-2: 2-RUN HOME RUN (Line Drive, 89XD, EV 103.8 MPH), Distance : 385 ft
|
|
Batting: LHB Larry Walker
|
0-0: Reached on error, E2 (Groundball, 2R, EV 71.9 MPH)
|
|
Batting: RHB Koji Akiyama
|
0-0: Ball 1-0: Ball 2-0: Fly out, F8 (Flyball, 78D, EV 99.4 MPH)
|
| Bottom of the 5th over - 3 runs, 2 hits, 1 error, 1 left on base; New York 2 - Minnesota 4 |
| TOP OF THE 6TH |
|
New York Yankees batting - Pitching for Minnesota Twins : RHP Hideo Nomo
|
|
Batting: LHB Bobby Abreu
|
0-0: Ball 1-0: Swinging Strike 1-1: Foul Ball, location: 2F 1-2: Hit by Pitch
|
|
Pitching: RHP Bob Ayrault
|
|
|
Batting: RHB Mike Lieberthal
|
0-0: Ball 1-0: Ball 2-0: Called Strike 2-1: Ball 3-1: Foul Ball, location: 2F 3-2: Foul Ball, location: 2F 3-2: Fly out, F8 (Flyball, 8RS, EV 83.1 MPH)
|
|
Batting: RHB Kazuhiro Kiyohara
|
0-0: Ball 1-0: Called Strike Bobby Abreu steals 2nd base 1-1: Ball 2-1: Ball 3-1: Swinging Strike 3-2: Foul Ball, location: 2F 3-2: Fly out, F9 (Flyball, 89M, EV 84.4 MPH)
|
|
Batting: RHB Travis Fryman
|
0-0: Ball 1-0: TRIPLE (Flyball, 9LD, EV 103.8 MPH) Bobby Abreu scores
|
|
Batting: RHB Phil B. Clark
|
0-0: Ball 1-0: Called Strike 1-1: Foul Ball, location: 2F 1-2: Foul Ball, location: 2F 1-2: SINGLE (Groundball, 34, EV 95.6 MPH) (infield hit) Travis Fryman scores
|
|
Batting: RHB Mike Gallego
|
0-0: Called Strike 0-1: Foul Ball, location: 2F 0-2: Ball 1-2: Foul Ball, location: 2F 1-2: Fly out, F8 (Flyball, 8RD, EV 83.8 MPH)
|
| Top of the 6th over - 2 runs, 2 hits, 0 errors, 1 left on base; New York 4 - Minnesota 4 |
| BOTTOM OF THE 6TH |
|
Minnesota Twins batting - Pitching for New York Yankees : RHP Mark Clark
|
|
Batting: RHB Brook Fordyce
|
0-0: Ball 1-0: Called Strike 1-1: Fly out, F8 (Flyball, 8RXD, EV 105.0 MPH)
|
|
Batting: SHB Brent Gates
|
0-0: Ball 1-0: Foul Ball, location: 2F 1-1: Ground out 1-3 (Groundball, 34S, EV 84.4 MPH)
|
|
Batting: RHB Mark Grudzielanek
|
0-0: Ground out 2-3 (Groundball, 2R, EV 62.5 MPH)
|
| Bottom of the 6th over - 0 runs, 0 hits, 0 errors, 0 left on base; New York 4 - Minnesota 4 |
| TOP OF THE 7TH |
|
New York Yankees batting - Pitching for Minnesota Twins : RHP Bob Ayrault
|
|
Batting: SHB Quinton McCracken
|
0-0: Called Strike 0-1: Swinging Strike 0-2: Strikes out swinging
|
|
Batting: RHB Darren Lewis
|
0-0: Ball 1-0: Called Strike 1-1: Ball 2-1: Ball 3-1: Called Strike 3-2: Strikes out swinging
|
|
Pitching: RHP Doug Piatt
|
|
|
Batting: RHB Orlando Cabrera
|
0-0: Ball 1-0: Ground out 6-3 (Groundball, 6, EV 83.8 MPH)
|
| Top of the 7th over - 0 runs, 0 hits, 0 errors, 0 left on base; New York 4 - Minnesota 4 |
| BOTTOM OF THE 7TH |
|
Minnesota Twins batting - Pitching for New York Yankees : RHP Mark Clark
|
|
Batting: RHB Rey Ordonez
|
0-0: Ball 1-0: SINGLE (Line Drive, 7S, EV 97.5 MPH)
|
|
Batting: LHB Darin Erstad
|
0-0: Called Strike 0-1: Ball 1-1: Ball 2-1: Called Strike Rey Ordonez steals 2nd base 2-2: SINGLE (Groundball, 56D, EV 109.4 MPH) Rey Ordonez to third
|
|
Batting: LHB Kal Daniels
|
0-0: Foul Ball, location: 2F 0-1: Foul Ball, location: 2F 0-2: Strikes out swinging
|
|
Pitching: LHP Doug Simons
|
|
|
Batting: RHB Frank Thomas
|
0-0: Called Strike 0-1: Ball 1-1: Called Strike 1-2: Foul Ball, location: 2F 1-2: Ball 2-2: Foul Ball, location: 2F 2-2: Ball Darin Erstad steals 2nd base 3-2: Intentional Walk
|
|
Batting: LHB Larry Walker
|
0-0: Ball 1-0: Grounds into fielders choice 4-2 (Groundball, 4S, EV 83.1 MPH) Darin Erstad to third Frank Thomas to second
|
|
Batting: RHB Koji Akiyama
|
0-0: Foul Ball, location: 2F 0-1: Ball 1-1: Ball 2-1: Ball 3-1: Swinging Strike 3-2: Base on Balls Darin Erstad scores Frank Thomas to third Larry Walker to second
|
|
Batting: RHB Brook Fordyce
|
0-0: Called Strike 0-1: Ball 1-1: Ground out 4-3 (Groundball, 4, EV 85.0 MPH)
|
| Bottom of the 7th over - 1 run, 2 hits, 0 errors, 3 left on base; New York 4 - Minnesota 5 |
| TOP OF THE 8TH |
|
New York Yankees batting - Pitching for Minnesota Twins : RHP Doug Piatt
|
|
Batting: LHB Bobby Abreu
|
0-0: Called Strike 0-1: Foul Ball, location: 2F 0-2: Ball 1-2: Strikes out swinging
|
|
Batting: RHB Mike Lieberthal
|
0-0: Swinging Strike 0-1: Swinging Strike 0-2: Ball 1-2: SINGLE (Groundball, 6D, EV 101.3 MPH)
|
|
Pitching: LHP Gene Walter
|
|
|
Batting: RHB Kazuhiro Kiyohara
|
0-0: Bunted foul 0-1: Bunt missed! 0-2: Foul Ball, location: 2F 0-2: SINGLE (Line Drive, 9S, EV 94.4 MPH) Mike Lieberthal to second Runner from 2nd tries for 3rd, SAFE, throw by RF made to third
|
|
Pitching: RHP Trevor Hoffman
|
|
|
Batting: RHB Travis Fryman
|
0-0: Called Strike 0-1: Called Strike 0-2: Strikes out swinging
|
|
Batting: RHB Phil B. Clark
|
0-0: Fly out, F4 (Line Drive, 4, EV 66.9 MPH)
|
| Top of the 8th over - 0 runs, 2 hits, 0 errors, 2 left on base; New York 4 - Minnesota 5 |
| BOTTOM OF THE 8TH |
|
Minnesota Twins batting - Pitching for New York Yankees : LHP Doug Simons
|
|
Pitching: RHP Jose Mesa
|
|
|
Batting: SHB Brent Gates
|
0-0: Ball 1-0: Foul Ball, location: 2F 1-1: Ball 2-1: Foul Ball, location: 2F 2-2: Ball 3-2: Fly out, F3 (Popup, 3SF, EV 70.0 MPH)
|
|
Batting: RHB Mark Grudzielanek
|
0-0: Ball 1-0: Ball 2-0: Ground out 2-3 (Groundball, 13S, EV 71.3 MPH)
|
|
Batting: RHB Rey Ordonez
|
0-0: Called Strike 0-1: Ground out 6-3 (Groundball, 56, EV 101.9 MPH)
|
| Bottom of the 8th over - 0 runs, 0 hits, 0 errors, 0 left on base; New York 4 - Minnesota 5 |
| TOP OF THE 9TH |
|
New York Yankees batting - Pitching for Minnesota Twins : RHP Trevor Hoffman
|
|
Pitching: RHP Rob Dibble
|
|
|
Batting: RHB Mike Gallego
|
0-0: Ground out 6-3 (Groundball, 6S, EV 88.8 MPH)
|
|
Batting: SHB Quinton McCracken
|
0-0: Fly out, F5 (Line Drive, 5L, EV 91.9 MPH)
|
|
Batting: RHB Darren Lewis
|
0-0: Ball 1-0: Called Strike 1-1: Foul Ball, location: 2F 1-2: Ball 2-2: Foul Ball, location: 2F 2-2: Foul Ball, location: 2F 2-2: Strikes out swinging
|
| Top of the 9th over - 0 runs, 0 hits, 0 errors, 0 left on base; New York 4 - Minnesota 5 |
|